[Event "Late-Titled-Tuesday-Blitz-February-27-2024"]
[Site "Chess.com"]
[Date "2024.02.27"]
[Round "6"]
[White "Tunahan_Makaraci"]
[Black "Ali_rastbod"]
[Result "1/2-1/2"]
[WhiteElo "2579"]
[BlackElo "2717"]
[TimeControl "180+1"]
[EndTime "15:07:23 PST"]
[Termination "Game drawn - insufficient material"]

1. e4 e6 2. d4 d5 3. Nd2 Nc6 4. Ne2 e5 5. c3 exd4 6. cxd4 dxe4 7. Nxe4 Bb4+ 8. Bd2 Bxd2+ 9. Qxd2 Nge7 10. N4c3 O-O 11. g3 Nf5 12. O-O-O Nd6 13. d5 Ne5 14. Nd4 Re8 15.
f4 Nec4 16. Bxc4 Nxc4 17. Qd3 Nb6 18. Nb3 a5 19. Rhe1 Bg4 20. Rxe8+ Qxe8 21. Rg1 a4 22. Nc5 a3 23. b3 Nd7 24. Nxd7 Qxd7 25. Re1 Rd8 26. Qe3 h5 27. Qe7 Qc8 28. Re5 f6 29. Re3 b5 30. Nxb5 Rxd5 31. Nxa3 Rd1+ 32. Kb2 Qa6 33.
Qe8+ Kh7 34. Qb5 Rd2+ 35. Kc3 Qd6 36. Nc4 Qd4+ 37. Kb4 Rc2 38. Qc5 Rxc4+ 39. bxc4 Qd2+ 40. Rc3 Bd1 41. Qe3 Qb2+ 42. Rb3 Bxb3 43. axb3 Qxh2 44. Qe4+ Kh6 45. Qe3 Kg6 46. c5 Qg2 47. Kb5 Qb7+ 48. Kc4 c6 49. Qe4+ Kh6 50. Qd4 Qb5+ 51. Kc3 Kg6 52.
Qd3+ Qxd3+ 53. Kxd3 Kf5 54. Kd4 Ke6 55. b4 g5 56. Ke4 f5+ 57. Kd4 gxf4 58. gxf4 Kd7 59. Ke3 Kc7 60. Kf3 Kb7 61. Kg3 Ka6 62. Kh4 Kb5 63.
Kxh5 Kxb4 64. Kg5 Kxc5 65. Kxf5 Kd4 66. Ke6 c5 67. f5 c4 68. f6 c3 69. f7 c2 70. f8=Q c1=Q 71. Qf6+ Kd3 72. Qf5+ Kd2 73.
Qf4+ Kc2 74. Qc4+ Kd2 75. Qd4+ Kc2 76. Qf2+ Qd2 77. Qc5+ Qc3 78. Qf5+ Qd3 79. Qxd3+ Kxd3 1/2-1/2

[Event "Late-Titled-Tuesday-Blitz-February-27-2024"]
[Site "Chess.com"]
[Date "2024.02.27"]
[Round "6"]
[White "EsmeraldasAnderson03"]
[Black "ChessSwole"]
[Result "0-1"]
[WhiteElo "2513"]
[BlackElo "2693"]
[TimeControl "180+1"]
[EndTime "15:07:32 PST"]
[Termination "ChessSwole won by resignation"]

1. d4 d5 2. c4 e6 3. cxd5 exd5 4. Nc3 c6 5. Nf3 Bf5 6. Bg5 Be7 7. Bxe7 Nxe7 8. e3 O-O 9. Bd3 Nd7 10. O-O Re8 11. b4 a6 12. a4 b5 13. a5 Nf6 14. Rc1 Rc8 15. Ne5 Qd6 16. Na2 Bg6 17. Rc2 Rc7 18. Qe2 Rec8 19. Rfc1 Bxd3 20. Nxd3 Nd7 21. Re1 g6 22. Nac1 Nf5 23. Nb3 Qf8 24.
Rec1 Nb8 25. Nbc5 Nd6 26. Qf3 Nc4 27. h4 h5 28. g3 Qe7 29. Qf4 Kg7 30. Ne5 Re8 31.
Ned3 Ra7 32. Re2 Nd7 33. Rce1 Nxc5 34. Nxc5 Qf6 35. Qxf6+ Kxf6 36. e4 dxe4 37. Nxe4+ Kg7 38. Nc5 Rxe2 39. Rxe2 Kf8 40. Kg2 Nd6 41. d5 cxd5 42. Rd2 Ne4 43. Rxd5 Nxc5 44. Rxc5 Rd7 45. Rc6 Rd4 46. Rxa6 Rxb4 47. Rb6 Kg7 48. a6 Ra4 49. Kf3 Ra3+ 50. Kg2 b4 51. Rxb4 Rxa6 52. Rb7 Re6 53. Rb5 Rf6 54. Rb4 Ra6 55. g4 hxg4 56. Rxg4 Ra5 57. Rb4 Kh6 58. Kg3 Rf5 59. Rb8 Kg7 60.
Rb7 Ra5 61. f3 Ra4 62. Rb1 Kh6 63. Rb7 f6 64. Rb8 Kg7 65. Rc8 Ra5 66. Rc7+ Kh6 67. Rb7 f5 68. Rf7 Ra4 69. Kh3 Rf4 70. Kg3 Ra4 71.
Rf8 Kg7 72. Rb8 Ra7 73. Rb6 Kh6 74. Rd6 Ra4 75. Rd8 Ra1 76. Kg2 Ra2+ 77. Kg3 Ra1 78.
Rh8+ Kg7 79. Rb8 Ra4 80. Rc8 Rb4 81. Ra8 Kh6 82. Rh8+ Kg7 83. Rd8 Rb1 84. Kf4 Rh1 85.
Kg5 Rg1+ 86. Kf4 Rh1 87. Kg3 Rg1+ 88. Kh2 Ra1 89. Kg2 Ra2+ 90. Kg3 Ra1 91. Rd7+ Kf6 92. Ra7 Rxa7 0-1

[Event "Late-Titled-Tuesday-Blitz-February-27-2024"]
[Site "Chess.com"]
[Date "2024.02.27"]
[Round "6"]
[White "KATPAH"]
[Black "Sargsyan_Shant"]
[Result "0-1"]
[WhiteElo "2655"]
[BlackElo "2916"]
[TimeControl "180+1"]
[EndTime "15:07:35 PST"]
[Termination "Sargsyan_Shant won by resignation"]

1. e4 c6 2. c4 d6 3. d4 e5 4. dxe5 dxe5 5. Qxd8+ Kxd8 6. Nf3 f6 7. Nc3 Kc7 8. Be3 Be6 9. O-O-O a5 10. Na4 Nd7 11. b3 g6 12. Be2 Bh6 13. Bxh6 Nxh6 14. h3 Nf7 15. Rd2 Rhd8 16. Rhd1 b6 17. Ne1 Nf8 18. Nc2 Rxd2 19. Rxd2 Nd7 20. Ne3 Nd6 21. f3 Nb7 22.
Ng4 Rf8 23. Nf2 Ndc5 24. Nxc5 Nxc5 25. Nd3 Nd7 26. Nb2 Nc5 27. Nd3 Na6 28. Nb2 h5 29. Na4 h4 30. Kb2 f5 31. Bd3 Rd8 32. Kc3 c5 33. a3 Nb8 34. Kc2 Nc6 35. Nc3 Nd4+ 36. Kb2 Kd6 37. Nd1 Ke7 38. Ne3 Kf6 39. Kc3 Kg5 40.
Rf2 Kf4 41. Nf1 Rb8 42. a4 Rd8 43. Bb1 Nc6 44. Bd3 Nb4 45. Bb1 Rd1 46. Bc2 Rc1 47. Kb2 Rxc2+ 48. Rxc2 Nxc2 49. Kxc2 fxe4 50. fxe4 Kxe4 51.
Kd2 Kf4 52. Ke2 Bf5 53. Ne3 Be4 54. Kf2 g5 55. Ke2 Kg3 56. Kf1 g4 57. Kg1 gxh3 58. Nf1+ Kf4 59. gxh3 Bc2 60. Kf2 Bxb3 61. Ne3 Bxa4 62.
Nd5+ Kf5 63. Nxb6 Bb3 64. Ke3 a4 65. Nd7 a3 66. Nxc5 Bxc4 67. Ne4 a2 68. Nd6+ Ke6 69. Nxc4 a1=Q 70. Nd2 Qd4+ 71. Ke2 Kf5 72. Nf3 Qc4+ 73. Kf2 Kf4 74. Ng1 Qc2+ 75. Kf1 Ke3 0-1

[Event "Late-Titled-Tuesday-Blitz-February-27-2024"]
[Site "Chess.com"]
[Date "2024.02.27"]
[Round "6"]
[White "ProChessWICTH"]
[Black "MyDream003"]
[Result "1/2-1/2"]
[WhiteElo "2560"]
[BlackElo "2716"]
[TimeControl "180+1"]
[EndTime "15:07:37 PST"]
[Termination "Game drawn by repetition"]

1. d4 Nf6 2. c4 b6 3. Nc3 Bb7 4. Qc2 d5 5. Nf3 e6 6. cxd5 exd5 7. Bg5 Be7 8. e3 O-O 9. Bd3 Nbd7 10. O-O h6 11.
Bf4 c5 12. h3 a6 13. Ne5 c4 14.
Bf5 b5 15. a3 Nb6 16. Qe2 Bc8 17. Bc2 Qe8 18. Rae1 Bb7 19. Qf3 Rc8 20. Bf5 Rd8 21. g4 a5 22. h4 b4 23. axb4 axb4 24. g5 bxc3 25. gxf6 Bxf6 26. bxc3 Bc8 27. Bc2 Qe6 28. Qg3 Qh3 29. Rb1 Qxg3+ 30. Bxg3 Nd7 31. Nc6 Rde8 32. Bd6 Re6 33. Bxf8 Nxf8 34. Na7 Bd7 35. Bf5 Rd6 36. Bxd7 Rxd7 37. Nc8 Ne6 38. h5 Bd8 39.
Rb8 Kh7 40. Rfb1 g6 41. hxg6+ Kxg6 42. R8b7 Bc7 43. R1b5 Rd8 44. Ne7+ Kg7 45. Nxd5 Bd6 46. e4 Ra8 47. e5 Bf8 48. Rd7 Ng5 49. Kg2 Ra2 50. Rbb7 Kg6 51. Nf4+ Kg7 52. e6 Kf6 53.
Rxf7+ Nxf7 54. Rxf7+ Kg5 55. e7 Bxe7 56. Nh3+ Kh4 57.
Rxe7 Rc2 58. Re3 Kg4 59. Ng1 Rd2 60. Rg3+ Kf4 61. Nh3+ Ke4 62. Ng1 Rd1 63. Nf3 Kf4 64. Ne5 h5 65. Nxc4 h4 66. Rf3+ Kg5 67. Ne5 Rc1 68. d5 Rd1 69. c4 Re1 70. Nc6 Rc1 71.
Ne5 Re1 72. Re3 Rd1 73. Nc6 Kg4 74. Ne7 Rd2 75. Rf3 Rd1 76. Re3 Rd2 77. Ng6 Kg5 78. Ne5 Rd1 79. Nf3+ Kg4 80. Ne5+ Kg5 1/2-1/2

[Event "Late-Titled-Tuesday-Blitz-February-27-2024"]
[Site "Chess.com"]
[Date "2024.02.27"]
[Round "6"]
[White "LyonBeast"]
[Black "MITerryble"]
[Result "1-0"]
[WhiteElo "3140"]
[BlackElo "3018"]
[TimeControl "180+1"]
[EndTime "15:07:46 PST"]
[Termination "LyonBeast won on time"]

1. Nf3 d5 2. g3 Nf6 3. Bg2 c6 4. O-O Bg4 5. h3 Bxf3 6. Bxf3 e5 7. d3 Nbd7 8. Nd2 Nc5 9. Bg2 a5 10.
c3 Bd6 11. Qc2 O-O 12. e4 dxe4 13. dxe4 Bc7 14. Nc4 Qd3 15. Qxd3 Nxd3 16. Bg5 b5 17. Ne3 Nxb2 18. Bxf6 gxf6 19. Nf5 Kh8 20. Rab1 Na4 21. Rfc1 Rfd8 22. Rc2 Rd7 23. Bf3 Rad8 24. Bh5 Kg8 25. Rbc1 Kf8 26. Kf1 Rd2 27. Ke1 R2d7 28. Be2 Bb6 29. h4 Bc5 30. Rb1 Be7 31. f3 Bc5 32.
Bf1 Ba7 33. Be2 Nc5 34. Kf1 Rd2 35. Rxd2 Rxd2 36. Rd1 Rxd1+ 37. Bxd1 Nd3 38. Bc2 Nb2 39. Ke2 Bc5 40. Nh6 a4 41. Nf5 Nc4 42. Bd3 Nb6 43.
Bc2 Na8 44. Bd3 Nc7 45. Bc2 Ne6 46. Bd1 Ba3 47. Bc2 Bc1 48. Kd1 Bb2 49. Kd2 Nc5 50. Ne3 Na6 51. Nd1 Ba3 52. Ne3 Nc7 53. Nf5 Ne6 54.
Ke2 Nc5 55. Kd2 Na6 56. Ke2 Be7 57. Kd2 Nc7 58. Ke2 Na8 59. Kd2 Nb6 60. Bd3 Ba3 61. Kc2 Ke8 62. Ng7+ Kd8 63. Nf5 Bf8 64. Kd2 Kd7 65.
Kc2 Kc7 66. Be2 Nd7 67. f4 exf4 68. gxf4 Nc5 69. Bh5 Nxe4 70. Bxf7 Nc5 71. h5 h6 72. Nd4 Kd7 73. Bg6 Kd6 74. Bf5 Kc7 75. Bg4 Bd6 76. Bf3 Bxf4 77. Bxc6 Be5 78. Bxb5 Kb6 79. Bc4 a3 80.
Nf5 Ne4 81. Nxh6 Ng3 82. Bf7 f5 83. Bg6 f4 84. Ng4 Bh8 85. h6 f3 86. Bd3 Kc5 87. h7 Kd6 88. Kd2 1-0

[Event "Late-Titled-Tuesday-Blitz-February-27-2024"]
[Site "Chess.com"]
[Date "2024.02.27"]
[Round "6"]
[White "ameetghasi100"]
[Black "Genghis_K"]
[Result "0-1"]
[WhiteElo "2754"]
[BlackElo "2935"]
[TimeControl "180+1"]
[EndTime "15:07:50 PST"]
[Termination "Genghis_K won on time"]

1. Nf3 d5 2. g3 Nd7 3. d4 Ngf6 4. Bg2 Nb6 5. Nc3 e6 6. Bg5 h6 7. Bxf6 Qxf6 8. e4 Bb4 9. O-O O-O 10. e5 Qe7 11. Ne2 Qd8 12. Nf4 Be7 13. Qe2 c5 14. c3 Bd7 15. dxc5 Bxc5 16. Nd4 a6 17. Rfd1 Rc8 18. h4 Qc7 19. Nd3 Bxd4 20. cxd4 Bb5 21. b3 Qc3 22. Qe3 Bxd3 23. Qxd3 Qxd3 24. Rxd3 Rc2 25.
f4 Rfc8 26. Bh3 Rb2 27. f5 exf5 28. Bxf5 Rcc2 29. Rf3 Rg2+ 30. Kf1 Rh2 31. Kg1 g6 32. Bd3 Rbg2+ 33. Kf1 Rxa2 34. Rxa2 Rxa2 35. e6 fxe6 36. Bxg6 Kg7 37. h5 Rb2 38. Rf7+ Kh8 39. Rxb7 Rxb3 40. Bf7 a5 41. Bxe6 a4 42. Ra7 Rxg3 43. Kf2 Rb3 44. Ra5 Rb4 45. Bxd5 Rxd4 46. Be6 Kg7 47.
Ke3 Rb4 48. Ra6 Kf6 49. Ba2 Kg5 50. Bf7 Kf5 51. Ra5+ Kf6 52. Bg8 Nd7 53. Ra6+ Kg7 54. Ba2 Ne5 55. Ra5 Kf6 56. Ra6+ Kg5 57. Ra5 Kf5 58. Bd5 Ng4+ 59. Kf3 Ne5+ 60. Ke3 Kf6 61. Ba2 Rh4 62. Ra6+ Kg5 63. Ra5 Kf5 64. Bd5 Rh3+ 65. Kd4 Rd3+ 66. Kc5 a3 67. Bc4 Rc3 68. Kd6 Rxc4 69.
Rxe5+ Kg4 70. Ra5 Rc3 71. Ke6 Rf3 72. Ke7 Kg3 73. Ke6 Kf2 74. Ke7 Ke2 75. Ke6 Kd2 76.
Rd5+ Kc2 77. Rc5+ Kb2 78. Rb5+ Rb3 79. Rf5 a2 80. Rf2+ Ka3 81. Rf8 a1=Q 82. Ra8+ Kb2 83. Ra2+ Qxa2 0-1

[Event "Late-Titled-Tuesday-Blitz-February-27-2024"]
[Site "Chess.com"]
[Date "2024.02.27"]
[Round "6"]
[White "dawid498"]
[Black "jaskol95"]
[Result "0-1"]
[WhiteElo "2699"]
[BlackElo "2565"]
[TimeControl "180+1"]
[EndTime "15:07:52 PST"]
[Termination "jaskol95 won by checkmate"]

1. e4 d5 2. d3 e5 3. Nf3 Nc6 4. Nbd2 Nf6 5. c3 a5 6. a4 Bc5 7. Be2 O-O 8. O-O h6 9. h3 Be6 10.
Re1 Qd7 11. Bf1 dxe4 12. dxe4 Rad8 13. Qc2 Ne8 14. Nc4 f6 15. Be3 Bxe3 16. Nxe3 Nd6 17. Rad1 Qf7 18. Nd5 Nxe4 19. Nxc7 Bb3 20. Qxe4 Qxc7 21.
Bc4+ Bxc4 22. Qxc4+ Qf7 23. Qb5 Qc7 24. Rd5 Rxd5 25.
Qxd5+ Qf7 26. Rd1 Rd8 27. Qxf7+ Kxf7 28. Rxd8 Nxd8 29. Kf1 Ke6 30. Ke2 Kd5 31. Nd2 Ne6 32. g3 Nc5 33. b3 Ne4 34. Nb1 f5 35. Ke3 Nc5 36. Nd2 g5 37. f3 f4+ 38. gxf4 exf4+ 39. Ke2 h5 40. Kf2 Ke6 41. Ke2 Kf5 42.
b4 Nxa4 43. bxa5 Nxc3+ 44. Kd3 Nd5 45. Nc4 Ke6 46. Ke4 Nc3+ 47. Kd3 Nd5 48. Ke4 Nb4 49.
Ne5 Nc6 50. Nc4 Kf6 51. Kd5 Kf5 52. Kd6 g4 53. hxg4+ hxg4 54. fxg4+ Kxg4 55. Kc7 Nxa5 56. Nxa5 f3 57. Nc4 f2 58. Nd2 b5 59. Kc6 b4 60.
Kc5 b3 61. Kd4 b2 62. Ke3 f1=Q 63. Nxf1 b1=Q 64. Nd2 Qe1+ 65. Kd3 Kf4 66. Nc4 Qd1+ 67. Kc3 Ke4 68. Nd2+ Ke3 69. Nc4+ Ke2 70. Kb4 Qd3 71. Kc5 Qc3 72. Kd5 Kd3 73. Ne5+ Ke3 74. Nc4+ Kf4 75.
Nd6 Qe5+ 76. Kc6 Qd4 77. Nb7 Ke5 78. Nc5 Qc4 79. Kb6 Kd5 80. Nb7 Qb4+ 81. Kc7 Qb5 82. Nd8 Qa5+ 83. Kd7 Qa7+ 84. Ke8 Kd6 85. Nf7+ Ke6 86.
Nd8+ Kf6 87. Nc6 Qc7 88. Kf8 Qxc6 89. Kg8 Qc8+ 90. Kh7 Qa8 91. Kh6 Qh8# 0-1

[Event "Late-Titled-Tuesday-Blitz-February-27-2024"]
[Site "Chess.com"]
[Date "2024.02.27"]
[Round "6"]
[White "WPWPWP-2015"]
[Black "Roberz12"]
[Result "1-0"]
[WhiteElo "2443"]
[BlackElo "2581"]
[TimeControl "180+1"]
[EndTime "15:08:07 PST"]
[Termination "WPWPWP-2015 won by checkmate"]

1. e4 g6 2. d4 Bg7 3. Nf3 d6 4. c4 Bg4 5. Be3 c5 6. Nc3 Bxf3 7. gxf3 cxd4 8. Bxd4 Nf6 9. Bg2 Nc6 10. Be3 Ne5 11. O-O O-O 12. b3 h5 13. h3 h4 14. Rc1 Nh5 15. f4 Nc6 16. Qd2 e5 17. f5 Nd4 18. Nd5 gxf5 19. Bg5 f6 20. Bxh4 f4 21.
Qd1 Qe8 22. Qg4 Qf7 23. Rfd1 Kh7 24. Rxd4 exd4 25. Bf3 Qg6 26. Ne7 Qxg4+ 27. hxg4 f5 28. gxh5 fxe4 29. Bxe4+ Kh6 30. Bg6 f3 31. Nf5+ Rxf5 32.
Bxf5 Kxh5 33. Bg3 Rg8 34. Be6 Rf8 35. Bd5 Rf6 36. c5 dxc5 37. Rxc5 Kg4 38. Rc7 Bh6 39.
Re7 d3 40. Be6+ Kg5 41. Bc8 d2 42. Rd7 Rc6 43. Rd5+ Kg6 44. Bxb7 Rc1+ 45. Kh2 d1=Q 46. Rxd1 Rxd1 47. Bxf3 Rd2 48. a4 Rb2 49. Bd5 a5 50. Kg2 Kf5 51. Kf3 Bg7 52. Bc7 Bc3 53. Bb6 Ke5 54.
Bc4 Rd2 55. Be3 Rb2 56. Bf4+ Kf6 57. Be3 Ke5 58. Bf4+ Kd4 59. Bg5 Be1 60. Bf6+ Kc5 61.
Bxb2 Kb4 62. Bc1 Bc3 63. Ke2 Bd4 64. Be3 Bf6 65. Bd2+ Ka3 66. Bxa5 Bb2 67. Bd2 Bd4 68. Be3 Be5 69. Kd3 Bf6 70. Ke4 Bb2 71. f3 Bf6 72. f4 Bb2 73. f5 Bf6 74. Bf4 Bc3 75. Bg5 Kb4 76. f6 Ka5 77. Kf5 Bb4 78. Ke6 Bf8 79. Bf4 Bc5 80. Be5 Kb6 81. f7 Ka5 82. Bd6 Bd4 83. Be7 Bc5 84. Kf6 Bd4+ 85. Kf5 Bc5 86. Bf6 Bf8 87. Bc3+ Kb6 88. b4 Be7 89. Ke6 Bf8 90. a5+ Kc6 91. b5+ Kc5 92. Be2 Bh6 93. Be1 Be3 94. f8=Q+ Kd4 95. Qd6+ Ke4 96. Qd5+ Kf4 97.
Qf5# 1-0

[Event "Late-Titled-Tuesday-Blitz-February-27-2024"]
[Site "Chess.com"]
[Date "2024.02.27"]
[Round "6"]
[White "IMRosen"]
[Black "DonMicheleCorleone"]
[Result "1/2-1/2"]
[WhiteElo "2694"]
[BlackElo "2537"]
[TimeControl "180+1"]
[EndTime "15:08:35 PST"]
[Termination "Game drawn - insufficient material"]

1. e4 e6 2. d4 d5 3. e5 c5 4. c3 Qb6 5. Nf3 Nc6 6. Bd3 cxd4 7. O-O Bd7 8. Re1 Rc8 9. a3 dxc3 10. Nxc3 Na5 11.
Qe2 Nb3 12. Rb1 Nxc1 13. Rexc1 Ne7 14. h4 a6 15. h5 Qd8 16. Qe3 Nc6 17. Qf4 Be7 18.
Qg3 O-O 19. Re1 f5 20. Ne2 Bc5 21. Nf4 Qb6 22. b4 Be7 23. h6 Rf7 24. Nxd5 exd5 25. e6 Bxe6 26. Rxe6 Qc7 27. Qh3 g6 28. Rbe1 Qd7 29.
b5 axb5 30. Bxb5 Bf6 31. Qg3 Qd8 32. Rd6 Qf8 33. Qh2 Re8 34. Rde6 Rxe6 35. Rxe6 Re7 36. Qd6 Rxe6 37. Qxe6+ Qf7 38. Qc8+ Qf8 39. Qxb7 Ne7 40. Bc6 Qxh6 41. Bxd5+ Kg7 42. Qc7 g5 43. Be6 g4 44.
Nh2 Qd2 45. Nf1 Qe1 46. Bxf5 Be5 47. Qc2 Kh6 48. Bd3 Kg5 49. Qe2 Qxe2 50. Bxe2 Bb2 51. a4 Nc6 52. Nd2 Na5 53. Ne4+ Kf4 54. Nc5 Bc3 55. Nd3+ Ke4 56. Nc5+ Kd5 57. Nd7 h5 58. Nf8 Kc5 59. Ng6 g3 60. fxg3 Bd4+ 61. Kh2 Bf6 62. Nf4 h4 63. g4 Be5 64. g3 hxg3+ 65. Kxg3 Kb4 66. Bb5 Nb3 67. Kf3 Nc5 68. Nd3+ Nxd3 69. Bxd3 Kxa4 70. Ke4 Bb2 71. Kd5 Ka5 72. Bf5 Kb6 73. Kd6 Kb7 74. g5 Kb6 75. g6 Kb5 76. Kd5 Kb4 77. Bg4 Ba1 78. Bc8 Bb2 79. Bd7 Ba1 80.
Ke6 Bb2 81. Bc6 Ba1 82. Kd5 Bb2 83. Be8 Ba1 84. Bf7 Bg7 85. Be6 Kc3 86. Bg4 Kd2 87. Ke6 Ke3 88. Kf7 Bh6 89. Bc8 Kf4 90. Kf6 Ke4 91.
Bf5+ Kd4 92. Bb1 Kc5 93. Ba2 Kc6 94. Kf7 Kc7 95. Kg8 Kd6 96. Kh7 Bf8 97. Kg8 Ke7 98. Bb3 Bh6 99. Bf7 Kf6 100. Kh7 Bg7 101. Be8 Bf8 102.
Kg8 Bg7 103. Bd7 Bh6 104. Kh7 Bg7 105. Bc6 Bf8 106. Be4 Bg7 107. Kg8 Bh6 108. Bd3 Bg7 109. Kh7 Bf8 110. Bc2 Bg7 111. Kg8 Bh6 112. Bb1 Bg7 113. Kh7 Bf8 114. Ba2 Bg7 115. Bb3 Bf8 116. Bc2 Bg7 117. Kg8 Bh6 118. Bf5 Bg7 119. Kh7 Bf8 120. Bg4 Bg7 121. Bh5 Bf8 122. Kg8 Bg7 123. Bg4 Kxg6 1/2-1/2

[Event "Late-Titled-Tuesday-Blitz-February-27-2024"]
[Site "Chess.com"]
[Date "2024.02.27"]
[Round "6"]
[White "Practical-Play"]
[Black "GianmarcoVaR"]
[Result "1/2-1/2"]
[WhiteElo "2543"]
[BlackElo "2705"]
[TimeControl "180+1"]
[EndTime "15:09:00 PST"]
[Termination "Game drawn by 50-move rule"]

1. e4 c6 2. c4 d5 3. cxd5 cxd5 4. exd5 Nf6 5. Nc3 g6 6. Bc4 Bg7 7. d3 O-O 8. Nge2 Na6 9. O-O Nc7 10. Nf4 b6 11. Re1 Bb7 12. Qb3 Qd6 13. Ne4 Qd7 14. Nc3 Rad8 15. Qa3 Rfe8 16. Qxa7 Ncxd5 17. Nfxd5 Nxd5 18. Nxd5 Bxd5 19. Qxd7 Rxd7 20. Bb5 Red8 21. Bxd7 Rxd7 22. Bg5 e6 23. Be3 Bxb2 24. Rab1 Bc3 25.
Rec1 Bxa2 26. Rxb6 Rxd3 27. Bh6 Rd8 28. h3 Bg7 29.
Bxg7 Kxg7 30. Ra1 Rd2 31. Rb7 e5 32. Rc1 Be6 33. Kf1 Kf6 34. Ke1 Ra2 35. Rbc7 e4 36. R7c2 Ra3 37. Ke2 h5 38. Rc3 Ra2+ 39. R1c2 Ra1 40.
Rc1 Ra2+ 41. R1c2 Ra8 42. Ke3 Ra4 43. Rd2 h4 44. Rd4 Rxd4 45. Kxd4 Kf5 46. Re3 Bd7 47.
Kd5 Bc8 48. Kd4 Bb7 49. Rb3 Bc8 50. Rc3 Be6 51. Ke3 Ke5 52. Ra3 f5 53. Ra5+ Bd5 54. g3 g5 55. gxh4 f4+ 56. Ke2 gxh4 57. Kd2 Kd4 58.
Ra4+ Bc4 59. Ra8 e3+ 60. fxe3+ fxe3+ 61. Ke1 Ke4 62. Rh8 Kf3 63. Rxh4 Be6 64. Rh8 Kg3 65. h4 Bg4 66. h5 Kh4 67. h6 Kh5 68. h7 Bf5 69.
Ke2 Kh6 70. Kxe3 Bxh7 71. Rd8 Kg7 72. Kf4 Bb1 73. Ke5 Kg6 74. Rf8 Kg7 75. Rf1 Ba2 76.
Kd6 Bc4 77. Rf4 Bd3 78. Ke7 Bc2 79. Rg4+ Kh8 80. Kf7 Bb3+ 81. Kf6 Bc2 82. Rc4 Bd3 83. Rd4 Bc2 84. Kf7 Bb3+ 85. Kg6 Bc2+ 86. Kh6 Bb3 87.
Rd7 Be6 88. Re7 Bd5 89. Kg6 Bc4 90. Re8+ Bg8 91. Kf6 Kh7 92. Re4 Kh8 93. Rh4+ Bh7 94. Ra4 Bg8 95. Ke7 Kg7 96. Rg4+ Kh8 97. Rg2 Bh7 98.
Kf6 Bd3 99. Rb2 Be4 100. Rb8+ Kh7 101. Ke7 Bf5 102. Rb6 Be4 103. Rf6 Bg6 104. Rf4 Kg7 105. Rg4 Kh7 106. Kf6 Bc2 107. Rh4+ Kg8 108. Ke7 Kg7 109. Rh2 Bd3 110. Ke6 Bc4+ 111. Ke5 Bd3 112. Rg2+ Kf7 113. Rd2 Bb1 114. Rd7+ Kg6 115. Kf4 Ba2 116. Rd6+ Kf7 117. Kg5 Ke7 118. Ra6 Bc4 119. Rb6 Bd5 120. Kf4 Bc4 1/2-1/2

[Event "Late-Titled-Tuesday-Blitz-February-27-2024"]
[Site "Chess.com"]
[Date "2024.02.27"]
[Round "7"]
[White "adricalderon8"]
[Black "KATPAH"]
[Result "0-1"]
[WhiteElo "2487"]
[BlackElo "2660"]
[TimeControl "180+1"]
[EndTime "15:11:26 PST"]
[Termination "KATPAH won by resignation"]

1. e4 e5 2. Nf3 d6 3. d4 Bg4 4.
dxe5 Nd7 5. exd6 Bxd6 6. Be2 Ngf6 7. Nc3 Qe7 8. O-O O-O-O 9. Bg5 Bxf3 10. Bxf3 Qe5 11.
g3 Qxg5 12. Bg2 h5 13. f4 Qc5+ 14. Kh1 h4 15. g4 h3 16. Bf3 Bxf4 17. Qe2 Ne5 0-1

[Event "Late-Titled-Tuesday-Blitz-February-27-2024"]
[Site "Chess.com"]
[Date "2024.02.27"]
[Round "7"]
[White "WilsonPalencia21"]
[Black "fidetrainerNET"]
[Result "1-0"]
[WhiteElo "2565"]
[BlackElo "2333"]
[TimeControl "180+1"]
[EndTime "15:12:14 PST"]
[Termination "WilsonPalencia21 won by checkmate"]

1. d4 Nf6 2. Nf3 e6 3. c4 Bb4+ 4. Nbd2 c5 5. a3 Bxd2+ 6. Qxd2 cxd4 7. Nxd4 O-O 8. Nb5 d5 9. e3 a6 10. Nc3 Nc6 11. Be2 d4 12. exd4 Qxd4 13. O-O e5 14. Qc2 Be6 15. Be3 Qh4 16. Rfd1 Nd4 17. Bxd4 exd4 18. g3 Qh3 19. Rxd4 Ng4 20. Bxg4 Bxg4 21. Qe4 Rad8 22. Qxg4 Qxg4 23. Rxg4 Rd2 24. Rb1 Rc8 25. Nd5 Rxc4 26. Rxc4 Rxd5 27. Rc8+ Rd8 28. Rxd8# 1-0

[Event "Late-Titled-Tuesday-Blitz-February-27-2024"]
[Site "Chess.com"]
[Date "2024.02.27"]
[Round "7"]
[White "Evandro_Barbosa"]
[Black "Boorchess"]
[Result "1-0"]
[WhiteElo "2676"]
[BlackElo "2523"]
[TimeControl "180+1"]
[EndTime "15:12:34 PST"]
[Termination "Evandro_Barbosa won by resignation"]

1. Nf3 d5 2. g3 Bg4 3. Bg2 e6 4.
O-O Nd7 5. d4 Ngf6 6. Nbd2 Be7 7. Re1 O-O 8. e4 dxe4 9. Nxe4 Nxe4 10. Rxe4 Nf6 11. Re1 c5 12. c3 cxd4 13. Qxd4 Qxd4 14. Nxd4 Rad8 15. Bxb7 Bc5 16. Be3 Bb6 17. Bg2 Nd5 18.
Bg5 Rd7 19. Nc6 h6 20. Ne5 Rb7 21. Nxg4 hxg5 22. c4 1-0

[Event "Late-Titled-Tuesday-Blitz-February-27-2024"]
[Site "Chess.com"]
[Date "2024.02.27"]
[Round "7"]
[White "northridgehawk"]
[Black "Eloist"]
[Result "1-0"]
[WhiteElo "2288"]
[BlackElo "2439"]
[TimeControl "180+1"]
[EndTime "15:13:01 PST"]
[Termination "northridgehawk won by checkmate"]

1. e4 e6 2. Nc3 d5 3. Nf3 Nf6 4.
e5 Nfd7 5. d4 c5 6. dxc5 Nc6 7.
Bf4 Bxc5 8. Bd3 f6 9. exf6 Qxf6 10. Bg3 O-O 11. Qe2 Nd4 12. Nxd4 Bxd4 13. O-O Nc5 14. Nb5 Bxb2 15. Rab1 Bd7 16. Nc7 Rac8 17.
Bd6 Rfd8 18. Rxb2 Qxb2 19. Be5 Qb4 20. Bxh7+ Kxh7 21. Qh5+ Kg8 22. Qg6 Kf8 23. Qxg7# 1-0

[Event "Late-Titled-Tuesday-Blitz-February-27-2024"]
[Site "Chess.com"]
[Date "2024.02.27"]
[Round "7"]
[White "FabianoCaruana"]
[Black "Yaacovn"]
[Result "1-0"]
[WhiteElo "3053"]
[BlackElo "2840"]
[TimeControl "180+1"]
[EndTime "15:13:11 PST"]
[Termination "FabianoCaruana won by resignation"]

1. e4 c6 2. d4 d5 3. e5 Bf5 4. c4 e6 5. Nc3 Ne7 6. Nge2 dxc4 7. Ng3 Bd3 8. Bxd3 cxd3 9. Qxd3 Nd5 10. O-O Be7 11.
f4 g6 12. f5 Nb4 13. Qe4 exf5 14. Nxf5 gxf5 15. Qxf5 Qxd4+ 16. Kh1 O-O 17. Bh6 Qd3 18.
Ne4 Qd7 19. Nf6+ Bxf6 20. Qxf6 Qg4 21. Bxf8 1-0

[Event "Late-Titled-Tuesday-Blitz-February-27-2024"]
[Site "Chess.com"]
[Date "2024.02.27"]
[Round "7"]
[White "Capablanca_Oujda_2021"]
[Black "Vigg-Sama"]
[Result "0-1"]
[WhiteElo "2507"]
[BlackElo "2276"]
[TimeControl "180+1"]
[EndTime "15:13:15 PST"]
[Termination "Vigg-Sama won by checkmate"]

1. e4 e5 2. Nf3 Nc6 3. Bc4 Nf6 4. Ng5 d5 5. exd5 Na5 6. Bb5+ c6 7. dxc6 bxc6 8. Qf3 cxb5 9. Qxa8 Qc7 10. Ne4 Nc6 11. Nxf6+ gxf6 12. Nc3 Kd7 13. Nxb5 Qb6 14. Nxa7 Bb7 15.
Qxf8 Rxf8 16. Nxc6 Qxc6 17. f3 Qxc2 18. O-O Rg8 19.
a4 h5 20. Ra3 h4 21. h3 Ba6 22. d3 Qxg2# 0-1

[Event "Late-Titled-Tuesday-Blitz-February-27-2024"]
[Site "Chess.com"]
[Date "2024.02.27"]
[Round "7"]
[White "Statham_01"]
[Black "Zampronha1971"]
[Result "1-0"]
[WhiteElo "2546"]
[BlackElo "2338"]
[TimeControl "180+1"]
[EndTime "15:13:16 PST"]
[Termination "Statham_01 won by resignation"]

1. e4 c5 2. Nf3 e6 3. c3 Nf6 4. e5 Nd5 5. d4 cxd4 6. cxd4 b6 7. Nc3 Bb7 8. Bd3 Nxc3 9. bxc3 Qc7 10. Bd2 d6 11. O-O Nd7 12. Re1 Be7 13. Rc1 dxe5 14. Nxe5 Nxe5 15. Rxe5 O-O 16. Bf4 Bd6 17. Qh5 g6 18.
Qh6 Bxe5 19. Bxe5 Qxe5 20. dxe5 Rac8 21. h4 Rc5 22. f4 Rfc8 23. c4 b5 24. h5 bxc4 25.
hxg6 fxg6 26. Bxg6 hxg6 27. Qxg6+ Kf8 28. Qf6+ Ke8 29. Qxe6+ Kf8 30. Qf6+ Ke8 31. e6 R8c7 32.
Rc3 1-0

[Event "Late-Titled-Tuesday-Blitz-February-27-2024"]
[Site "Chess.com"]
[Date "2024.02.27"]
[Round "7"]
[White "Maikrosoft63"]
[Black "alexrustemov"]
[Result "0-1"]
[WhiteElo "2612"]
[BlackElo "2795"]
[TimeControl "180+1"]
[EndTime "15:13:26 PST"]
[Termination "alexrustemov won by resignation"]

1. e4 e6 2. d4 d5 3. Nd2 dxe4 4. Nxe4 Bd7 5. Nf3 Bc6 6. Bd3 Nd7 7. O-O Ngf6 8. Nxf6+ Qxf6 9. Be2 Bd6 10. Bg5 Qg6 11. Bh4 O-O 12. Bg3 Bxg3 13. hxg3 Rad8 14. Qc1 Rfe8 15. c3 e5 16. dxe5 Nxe5 17. Nxe5 Rxe5 18. Bf3 Bxf3 19. gxf3 Qf5 20. Rd1 Rde8 21. Kg2 h5 22. Rd4 Re2 23. Rf4 Qc2 24. Re4 Rxf2+ 0-1

[Event "Late-Titled-Tuesday-Blitz-February-27-2024"]
[Site "Chess.com"]
[Date "2024.02.27"]
[Round "7"]
[White "Matalon"]
[Black "Unkreativ3"]
[Result "1-0"]
[WhiteElo "2462"]
[BlackElo "2596"]
[TimeControl "180+1"]
[EndTime "15:13:43 PST"]
[Termination "Matalon won by checkmate"]

1. e4 c6 2. d4 d5 3. Nd2 dxe4 4.
Nxe4 Bf5 5. Ng3 Bg6 6. f4 e6 7.
h4 h6 8. Nf3 Nd7 9. h5 Bh7 10.
Bd3 Bxd3 11. Qxd3 Bd6 12. Ne4 Bc7 13. Bd2 Ndf6 14. c4 Nxe4 15. Qxe4 Nf6 16. Qe2 Qe7 17. O-O-O O-O-O 18. g3 Rhe8 19. Bc3 a6 20. Ne5 Bxe5 21. dxe5 Ng8 22. Ba5 Rxd1+ 23. Rxd1 f6 24. Qe3 Kb8 25. Qb6 fxe5 26. Bb4 Qf7 27. Rd8+ Rxd8 28. Qxd8+ Ka7 29. Bc5+ b6 30. Qxb6+ Ka8 31. Qxa6+ Kb8 32. Bd6+ Qc7 33. Qb6+ Kc8 34. Qxc7# 1-0